[Event "Valenciana Championship 2022"]
[Site "Alcossebre"]
[Date "2022.06.13"]
[Round "1.1"]
[White "Granero Roca, Antonio"]
[Black "Cruz Lledo, Pablo"]
[Result "0-1"]
[ECO "D58"]
[WhiteElo "2340"]
[BlackElo "2435"]
[Annotator "TA"]
[PlyCount "104"]
[EventDate "2022.06.13"]
[EventType "tourn"]
[EventCountry "ESP"]
[SourceTitle "playchess.com"]
[Source "ChessBase"]
[SourceQuality "1"]
[TimeControl "5400+30"]

1. d4 d5 2. c4 e6 3. Nf3 Nf6 4. Nc3 Be7 5. Bg5 h6 6. Bh4 O-O 7. e3 b6 8. Bxf6 Bxf6 9. cxd5 exd5 10. b4 c6 11. Be2 Bb7 12. O-O {[%emt 0:01:56] D58: Queen's Gambit Declined: Tartakower Defence.} Be7 13. Qb3 Qd6 14. Rab1 {[%emt 0:03:29] White is slightly better.} Nd7 15. a4 a5 16. bxa5 Rxa5 {[%emt 0:00:00] [#]} 17. Rfc1 $146 ({Predecessor:} 17. Rfe1 Rfa8 18. Nd2 Qg6 19. Qd1 f5 20. Bd3 Ba6 21. Bc2 Qe6 22. h3 Rf8 23. Nb3 {1-0 (57) Antonov,N (2306)-Iordache,C (2327) ICCF email 2011}) 17... Bd8 18. Qc2 Ba8 19. g3 c5 20. Qf5 (20. Nd2 $5 ) 20... c4 21. Bd1 Bc6 22. Bc2 g6 23. Qh3 (23. Qf4 $5 Qf6 24. Kg2 $11) 23... Kg7 24. Qg2 Qa3 25. Nb5 (25. Bd1 $1 $11 {remains equal.}) 25... Bxb5 $17 26. axb5 {[%emt 0:00:08] [#]} Rxb5 $3 27. Ra1 Qd6 {[%emt 0:00:00] Black is more active.} 28. Ba4 (28. Qf1 $17 {keeps fighting.}) 28... Ra5 $19 29. Bxd7 {[%emt 0:00:10] Threatens to win with Qh3.} Qxd7 30. Rxa5 bxa5 31. Ne5 Qd6 32. e4 Qa3 33. Qf1 Bg5 ({And not} 33... dxe4 34. Qxc4 Bf6 35. Nd7 $17) 34. Ra1 {[%emt 0:02:40] [#]} Qb2 35. exd5 c3 (35... Rc8 $19 36. Rxa5 c3) 36. f4 $2 {[%emt 0:02:19][%mdl 8192] [#] This costs White the game.} (36. Nc4 $17 Qc2 37. Re1) 36... c2 $1 37. Kh1 (37. Rc1 Be7) 37... Bf6 38. Rc1 Qxd4 39. Rxc2 Bxe5 40. fxe5 Qxd5+ {[%emt 0:00:00][%mdl 4096] Endgame KQR-KQR} 41. Kg1 Qxe5 42. Qc4 Rd8 {[%emt 0:00:00] aiming for ...Qe1+.} 43. Rf2 Rd1+ 44. Kg2 Qd5+ 45. Qxd5 Rxd5 {[%emt 0:00:00] KR-KR} 46. Ra2 Kf6 47. Kf3 Ke5 48. Ke3 Kd6 49. Rb2 $2 (49. Rf2) 49... Kc6 {[%emt 0:00:30] Black is clearly winning.} 50. Rb8 a4 51. Ra8 {[%emt 0:00:36] Prevents Ra5.} Kb5 {[%emt 0:00:04] ...Kb4 is the strong threat.} 52. Ra7 Kb4 {[%emt 0:00:20] Weighted Error Value: White=0.50/Black=0.19 (very precise)} 0-1

[Event "Valenciana Championship 2022"]
[Site "Alcossebre"]
[Date "2022.06.13"]
[Round "1.2"]
[White "Jordan Martinez, David"]
[Black "Macias Pino, Diego"]
[Result "0-1"]
[ECO "D02"]
[WhiteElo "2154"]
[BlackElo "2365"]
[Annotator "TA"]
[PlyCount "48"]
[EventDate "2022.06.13"]
[EventType "tourn"]
[EventCountry "ESP"]
[SourceTitle "playchess.com"]
[Source "ChessBase"]
[SourceQuality "1"]
[TimeControl "5400+30"]

1. d4 Nf6 2. Nf3 d5 3. g3 c5 4. Bg2 cxd4 5. O-O h6 6. b3 {[%emt 0:01:37] D02: 1 d4 d5 2 Nf3 sidelines, including 2...Nf6 3 g3 and 2...Nf6 3 Bf4.} Bg4 7. Nxd4 ({White should play} 7. Ne5 $14) 7... e5 $11 8. Nf3 {[%emt 0:10:11] The position is equal.} Nc6 9. Bb2 Bd6 {[%emt 0:03:31] [#]} 10. h3 $146 ({Predecessor:} 10. Nbd2 O-O 11. c4 d4 12. Qc2 Rc8 13. a3 Qd7 14. Ne4 Nxe4 15. Qxe4 Bf5 16. Qd5 {0-1 (31) Gil,L (1836)-Vilaisarn,A (2205) Bastia 2007}) 10... Be6 11. e3 Qd7 12. Kh2 (12. c4 $1 $15) 12... O-O {[%emt 0:11:30] Black is more active.} (12... e4 {is more complex.} 13. Nd4 h5 14. h4 Bg4) 13. Nbd2 Qc7 14. c4 dxc4 15. Nxc4 Bxc4 16. bxc4 Rfd8 17. Qe2 e4 (17... Rac8 $11 {remains equal.}) 18. Nd2 $16 {[%emt 0:07:34] [#] Black must now prevent Bxf6.} Ne5 19. Nxe4 ({Better is} 19. Bd4 $16) 19... Nxe4 $11 20. Bxe4 {[%emt 0:00:14] White wants to play Bd5.} Qxc4 21. Qxc4 Nxc4 22. Bc3 Rac8 23. Bxb7 {[%emt 0:05:55] A strong pair of Bishops.} Rc7 24. Rab1 {[%emt 0:14:05] [#]} (24. Ba6 $11 {and White has nothing to worry.}) 24... Nb6 {[%emt 0:00:25] Weighted Error Value: White=0.42/Black=0.18 (very precise)} 0-1

[Event "Valenciana Championship 2022"]
[Site "Alcossebre"]
[Date "2022.06.13"]
[Round "1.3"]
[White "Valmana Canto, Jaime"]
[Black "Luque Saiz, Andres"]
[Result "1-0"]
[ECO "B01"]
[WhiteElo "2392"]
[BlackElo "2273"]
[Annotator "TA"]
[PlyCount "47"]
[EventDate "2022.06.13"]
[EventType "tourn"]
[EventCountry "ESP"]
[SourceTitle "playchess.com"]
[Source "ChessBase"]
[SourceQuality "1"]
[TimeControl "5400+30"]

1. e4 c6 2. Nf3 d5 3. Nc3 Bg4 4. d4 e6 5. Bd3 Nf6 6. O-O dxe4 7. Nxe4 Nbd7 8. Ng3 Qc7 9. h3 Bxf3 10. Qxf3 Bd6 11. c3 {[%emt 0:05:12] B01: Scandinavian Defence.} h6 12. Re1 {[%emt 0:05:04][%cal Bf1e1,Be1e4,Be4e2,Be2e6,Be6e8][%mdl 32] [#]} O-O-O $146 ({Predecessor:} 12... g5 13. Nf5 Bh2+ 14. Kh1 O-O-O 15. Ng3 g4 16. Qf4 Bxg3 {0-1 (16) Kim,I (1842)-Gilbert,J (2151) Belfort 2005}) 13. b4 {[%emt 0:13:23][%cal Bb2b4,Bb4b5][%mdl 32] White is slightly better.} g5 14. Ne4 {[%emt 0:00:29] White is more active.} Nxe4 15. Rxe4 (15. Bxe4 $5 Rhf8 16. a4 $14) 15... Rdf8 (15... Nb6 $14) 16. b5 $16 c5 {[%emt 0:01:24] [#]} 17. a4 $1 Kb8 18. Re2 f5 {[%emt 0:08:40] Loses the game.} (18... Bf4 $16 {keeps fighting.}) 19. Rxe6 $18 g4 (19... Re8 $142) 20. Qd5 ({Resist} 20. hxg4 fxg4 21. Qd5 (21. Qxg4 cxd4 22. Rxd6 Qxd6 $16) 21... Rf6 $18) 20... Bh2+ 21. Kh1 Rd8 $2 (21... cxd4 22. cxd4 (22. Bxh6 Rd8 $14) 22... Ka8) 22. g3 Nf8 {[%emt 0:00:59] [#]} 23. Bf4 $1 Rxd5 (23... Nxe6 24. Bxc7+) 24. Re8+ {[%emt 0:00:09] Weighted Error Value: White=0.03 (flawless) /Black=1.03} 1-0

[Event "Valenciana Championship 2022"]
[Site "Alcossebre"]
[Date "2022.06.13"]
[Round "1.4"]
[White "Carbonell Sancho, Marc"]
[Black "Navarro Molina, Carmelo Jose"]
[Result "1-0"]
[ECO "B20"]
[WhiteElo "2269"]
[BlackElo "1834"]
[Annotator "NA RC"]
[PlyCount "103"]
[EventDate "2022.06.13"]
[EventType "tourn"]
[EventCountry "ESP"]
[SourceTitle "playchess.com"]
[Source "ChessBase"]
[SourceQuality "1"]
[TimeControl "5400+30"]

1. e4 c5 2. b3 b6 3. Nc3 Bb7 4. Bb2 Nc6 5. Nf3 d6 6. d4 Nf6 7. d5 Nb8 8. Bc4 a6 9. a4 g6 10. O-O Bg7 11. Nd2 O-O 12. Qe2 Nbd7 13. f4 Qc7 14. Rae1 Kh8 15. Nf3 Bc8 16. e5 dxe5 17. fxe5 Ng4 18. Nd1 f6 19. e6 Nde5 20. Nxe5 Nxe5 21. Bxe5 Qxe5 22. Qxe5 fxe5 23. Rxf8+ Bxf8 24. Bd3 Bb7 25. c4 Bg7 26. Nc3 Bf6 27. Kf2 Kg7 28. Ne4 Rc8 29. Ke3 Rd8 30. a5 bxa5 31. Nxc5 Bc8 32. Be4 Bg5+ 33. Ke2 Rd6 34. Ra1 Rb6 35. Rxa5 Bc1 36. Nd3 Bg5 37. b4 Kf8 38. Rc5 Rb8 39. g3 Ke8 40. h4 Bh6 41. h5 gxh5 42. Bxh7 Kf8 43. Nxe5 Kg7 44. Bd3 Kf6 45. Nc6 Ra8 46. Nd4 Bc1 47. Rc7 Ba3 48. Nc6 a5 49. Rxe7 Bxb4 50. Rf7+ Kg5 51. Rg7+ Kf6 52. Rg6# 1-0

[Event "Valenciana Championship 2022"]
[Site "Alcossebre"]
[Date "2022.06.13"]
[Round "2.1"]
[White "Cruz Lledo, Pablo"]
[Black "Navarro Molina, Carmelo Jose"]
[Result "1-0"]
[ECO "D04"]
[WhiteElo "2435"]
[BlackElo "1834"]
[Annotator "TA"]
[PlyCount "115"]
[EventDate "2022.06.13"]
[EventType "tourn"]
[EventCountry "ESP"]
[SourceTitle "playchess.com"]
[Source "ChessBase"]
[SourceQuality "1"]
[TimeControl "5400+30"]

1. d4 d5 2. Nf3 Nf6 3. e3 Bg4 4. Be2 Nbd7 5. h3 Bxf3 6. Bxf3 {[%emt 0:00:06][%cal Oc2c4] D04: Colle System.} c6 7. O-O e5 {[%emt 0:00:55] [#]} 8. b3 $146 {[%emt 0:00:21] The position is equal.} ({Predecessor:} 8. dxe5 Nxe5 9. Be2 Bd6 10. f4 Ng6 11. Qe1 Ne4 12. Nd2 Nf6 13. b3 Bc5 14. Nf3 Nxf4 {0-1 (38) Ducharme,S (905)-Schalkwijk,P (1382) LSS email 2011}) 8... e4 9. Be2 Bd6 10. Ba3 Qe7 11. Bxd6 Qxd6 12. c4 O-O 13. Nc3 Rfe8 14. Qc2 Qe7 15. Rfc1 Rac8 16. Qb2 h6 17. Rc2 a6 18. Rac1 Qd6 19. cxd5 Nxd5 20. Nxd5 Qxd5 21. b4 Nb6 22. Rc5 Qd8 23. Qb3 {[%emt 0:00:29] Prevents Na4.} Qe7 24. a4 {[%emt 0:01:38] White now steadily converts the win.} Nd7 25. R5c2 {[%emt 0:00:41] White is more active.} Nb6 26. Bg4 Ra8 {[%emt 0:09:30] [#]} (26... Rb8 $16) 27. b5 $1 $18 axb5 28. axb5 Qa3 29. Qxa3 Rxa3 30. bxc6 bxc6 31. Rxc6 Nd5 32. Rd6 Nf6 33. Be2 Ra2 34. Bc4 Ra7 35. Rc6 {[%emt 0:00:36] Against Rc7} Kf8 36. Rb1 Rd8 37. Kh2 Ne8 38. g4 Rd6 39. Rc5 {[%emt 0:02:01] [#] Black must now prevent Rb8.} Rf6 $2 (39... Rd8 {keeps fighting.} 40. Kg3 Ra3) 40. Rb2 {[%emt 0:01:52] Rb8 is the strong threat.} g5 (40... Nd6 {was worth a try.} 41. Re5 Rb7) 41. Bf1 (41. Rb8 $142) 41... Re7 (41... Nd6 $142 42. Kg2 Ra1) 42. Bg2 (42. Rb8 $142) 42... Kg7 43. Kg3 Rd6 44. Rbb5 Nf6 (44... Rde6 $142 45. Ra5 Nd6) 45. Re5 Rde6 46. Rxe6 Rxe6 {[%emt 0:00:10][%mdl 4096] Endgame KRB-KRN} 47. h4 gxh4+ 48. Kxh4 Nd7 49. Kg3 Nf6 50. Kf4 h5 51. gxh5 {[%emt 0:01:50] White is clearly winning.} Kh6 52. Bh3 Ra6 53. Bg4 Ra2 (53... Kg7 $142 54. f3 exf3 55. Bxf3 Rd6) 54. Rb6 Rxf2+ 55. Kg3 Kg5 56. Rb5+ Kh6 57. Kxf2 Nxg4+ 58. Ke2 {[%emt 0:00:07] Weighted Error Value: White=0.15 (very precise) /Black=0.28 (precise)} (58. Kg3 $142 Nxe3 59. d5) 1-0

[Event "Valenciana Championship 2022"]
[Site "Alcossebre"]
[Date "2022.06.13"]
[Round "2.2"]
[White "Luque Saiz, Andres"]
[Black "Carbonell Sancho, Marc"]
[Result "1/2-1/2"]
[ECO "B70"]
[WhiteElo "2273"]
[BlackElo "2269"]
[Annotator "NA RC"]
[PlyCount "119"]
[EventDate "2022.06.13"]
[EventType "tourn"]
[EventCountry "ESP"]
[SourceTitle "playchess.com"]
[Source "ChessBase"]
[SourceQuality "1"]
[TimeControl "5400+30"]

1. e4 c5 2. Nf3 a6 3. Nc3 d6 4. d4 cxd4 5. Nxd4 Nf6 6. a4 g6 7. Bc4 Bg7 8. O-O O-O 9. Re1 Qc7 10. Bf1 e6 11. a5 Nbd7 12. Nf3 b5 13. axb6 Nxb6 14. e5 dxe5 15. Nxe5 Bb7 16. Be3 Rfd8 17. Qe2 Rac8 18. Ra3 Nfd5 19. Bd4 Nb4 20. Rd1 Rxd4 21. Rxd4 Bxe5 22. Rxb4 Bxh2+ 23. Kh1 Bd6 24. Rab3 Bxb4 25. Rxb4 Qc5 26. Rh4 h5 27. Qd2 a5 28. Bd3 Qe5 29. Kg1 Nd5 30. Be4 Nxc3 31. Bxb7 Rb8 32. Rc4 Ne2+ 33. Kf1 Rxb7 34. Rc8+ Kg7 35. Qxe2 Qxe2+ 36. Kxe2 Rxb2 37. Kd3 Rb4 38. Ra8 a4 39. c4 h4 40. c5 Rb7 41. Rxa4 g5 42. Kd4 Rc7 43. Rc4 Rc6 44. Kc3 Kf6 45. Kb4 Ke5 46. Kb5 Kd5 47. Rc2 Rc8 48. Rd2+ Ke4 49. Kb6 g4 50. c6 h3 51. gxh3 gxh3 52. Kb7 Rh8 53. c7 f5 54. Rd8 Rh7 55. Kb8 Rxc7 56. Kxc7 Kf3 57. Rh8 Kxf2 58. Rxh3 f4 59. Kd6 f3 60. Rxf3+ 1/2-1/2

[Event "Valenciana Championship 2022"]
[Site "Alcossebre"]
[Date "2022.06.13"]
[Round "2.3"]
[White "Macias Pino, Diego"]
[Black "Valmana Canto, Jaime"]
[Result "1/2-1/2"]
[ECO "B30"]
[WhiteElo "2365"]
[BlackElo "2392"]
[Annotator "TA"]
[PlyCount "109"]
[EventDate "2022.06.13"]
[EventType "tourn"]
[EventCountry "ESP"]
[SourceTitle "playchess.com"]
[Source "ChessBase"]
[SourceQuality "1"]
[TimeControl "5400+30"]

1. e4 c5 2. Nf3 Nc6 3. Bb5 Nf6 4. Nc3 Qc7 5. O-O Nd4 6. Re1 {[%emt 0:00:08] B30: Sicilian: 2...Nc6 3 Bb5, lines without ...g6.} Nxb5 (6... a6 $11 {remains equal.} 7. Bd3 Ng4) 7. Nxb5 $16 Qb6 8. Nc3 {[%emt 0:03:00] White is more active.} (8. c4 $16) 8... d6 $14 {[%emt 0:00:15] [#]} 9. d4 $146 ({Predecessor:} 9. e5 dxe5 10. Nxe5 g6 11. d3 Bg7 12. h3 O-O 13. Rb1 Be6 14. Bf4 Rfd8 15. Qe2 {1-0 (28) Kalogeris,I (2307)-Pavlidis,A (2536) Chess.com INT 2021}) 9... cxd4 10. Nxd4 e5 11. Nf5 Bxf5 12. exf5 h6 {[%emt 0:00:11] Against Bg5} 13. Be3 Qc6 14. f4 Be7 $1 15. Bf2 O-O 16. fxe5 dxe5 17. Rxe5 Bd6 18. Re1 Bb4 19. Qd4 a5 20. Rad1 Rac8 21. Qb6 Bxc3 22. bxc3 Qxc3 23. Qxb7 Qxc2 24. Qb5 a4 25. Bd4 Rfd8 26. Qe5 (26. a3 $17) 26... Rd5 ({Black should try} 26... Qxa2 $19 {Threatens to win with ...Qc4.} 27. Qg3 Nh5) 27. Qg3 $17 Rxf5 28. Rf1 {[%emt 0:00:29] [#]} (28. a3 $17 {is a better defense.}) 28... Rc6 (28... Nh5 $1 $19 29. Qg4 Rg5) 29. h4 $2 (29. a3 $17 {was worth a try.}) 29... Nh5 $19 30. Qb8+ Kh7 (30... Rc8 $142 31. Qb1 Rxf1+ 32. Rxf1 Ng3 33. Qxc2 Rxc2) 31. Qb1 ({Wrong is} 31. Rxf5 $2 {[#]} Rg6 $1 32. Bf2 Qxd1+ 33. Kh2 Qg4 $19) (31. Qb2 Ng3 32. Qxc2 Rxc2 33. Rxf5 Nxf5 34. a3) 31... Rxf1+ 32. Rxf1 Ng3 33. Qxc2+ Rxc2 {[%emt 0:00:01][%mdl 4096] Endgame KRB-KRN} 34. Rd1 Ne2+ 35. Kh2 Nxd4 36. Rxd4 Rxa2 {[%emt 0:00:07] KR-KR} 37. h5 (37. Rd6 $142) 37... a3 38. Rd7 (38. Rf4 $142 Kg8 39. Ra4) 38... Rf2 39. Ra7 a2 40. Kg3 Rf5 $2 (40... Rc2 $19 41. Kf3 g6 42. Rxf7+ Kg8) 41. Kh4 $1 $11 Rf2 $2 (41... Rc5 $11 42. Rxa2 Rc8) 42. Kg3 $1 $19 Rb2 43. Kf3 Kg8 44. Ra8+ $1 Kh7 45. Ra7 $1 f5 46. g3 Kg8 47. Kf4 Rf2+ 48. Ke5 Rg2 $2 (48... Kh7 49. Ra8 Rh2) 49. Kf4 $2 (49. Ra8+ Kf7 50. Ra7+ Ke8 51. Kxf5) 49... Rf2+ $2 (49... Rh2 {White must now prevent ...Rg2.} 50. Ke5 Rxh5 51. Rxa2 Rg5) 50. Ke5 Rf3 $2 (50... Kh7 $19 51. Ra8 Rh2) 51. Rxa2 $11 {[%emt 0:01:04] The position is equal.} Rxg3 {[%emt 0:00:07] And now ...Rh3 would win.} 52. Rf2 Rg5 53. Rxf5 Rxf5+ 54. Kxf5 Kf7 55. Ke5 {[%emt 0:00:10] Weighted Error Value: White=0.73/Black=0.34} 1/2-1/2

[Event "Valenciana Championship 2022"]
[Site "Alcossebre"]
[Date "2022.06.13"]
[Round "2.4"]
[White "Granero Roca, Antonio"]
[Black "Jordan Martinez, David"]
[Result "1-0"]
[ECO "D38"]
[WhiteElo "2340"]
[BlackElo "2154"]
[Annotator "TA"]
[PlyCount "121"]
[EventDate "2022.06.13"]
[EventType "tourn"]
[EventCountry "ESP"]
[SourceTitle "playchess.com"]
[Source "ChessBase"]
[SourceQuality "1"]
[TimeControl "5400+30"]

1. d4 Nf6 2. c4 e6 3. Nf3 d5 4. Nc3 Bb4 5. Qa4+ Nc6 6. Bg5 h6 7. Bxf6 Qxf6 8. a3 {[%emt 0:01:31] D38: Queen's Gambit Declined: Ragozin Defence (4 Nf3 Bb4).} Bxc3+ 9. bxc3 Bd7 {[%emt 0:00:52][%cal Oc6d4] aiming for ...Nxd4!} 10. Qc2 {[%emt 0:02:21] The position is equal.} O-O 11. e3 {[%emt 0:02:14] [#]} Qe7 $146 ({Predecessor:} 11... Rfe8 12. Be2 dxc4 13. Bxc4 e5 14. O-O e4 15. Nd2 Bf5 16. Rab1 Rab8 17. f3 Qg5 18. fxe4 Qxe3+ {0-1 (71) Gunina,V (2471)-Kosteniuk,A (2516) Warsaw 2021}) 12. Be2 Na5 13. cxd5 exd5 14. Ne5 c5 15. O-O Nc6 (15... Rac8 $11) 16. Nxd7 $14 Qxd7 17. Rab1 b6 18. Qa4 c4 19. Bf3 Rad8 20. Qb5 f5 {[%emt 0:00:00] Prevents e4.} 21. h3 Kh8 22. a4 Qe6 23. Rfe1 Rf7 24. Qb2 Na5 25. g3 Re7 26. Bg2 Nb3 27. Re2 Qc6 28. Qa3 Rde8 29. Rbe1 g6 30. Qa2 Qd6 31. Qc2 Qe6 32. Qd1 Na5 33. Rb2 Nb3 34. Qf3 Rd8 35. h4 Kg7 36. Bh3 h5 37. Bg2 Qc6 38. Ra2 Na5 39. Qf4 Nb7 40. Qg5 Rde8 41. g4 hxg4 42. h5 Rd7 43. hxg6 (43. f3 $11 {keeps the balance.}) 43... Qxg6 $17 44. Qf4 Nd8 45. Rb2 ({White should play} 45. a5) 45... Ne6 $1 46. Qg3 Ng5 {[%emt 0:00:39] Hoping for ...Nf3+.} 47. a5 (47. Ra1 $17 {keeps fighting.}) 47... bxa5 {[%emt 0:01:30] Threatens to win with ...Nf3+.} 48. Reb1 {[%emt 0:00:00][%cal Be1b1,Bb1b5,Bb5c5][%mdl 32] [#]} Ne4 $2 (48... Nf3+ $1 $19 49. Bxf3 gxf3) 49. Bxe4 $11 Rxe4 50. Rb7 Rde7 51. R1b5 Qc6 $2 {[%emt 0:00:36] [#]} (51... a4 $11 {and Black is okay.}) 52. Rb8 $1 $18 {[%emt 0:00:00] Strongly threatening Qh4.} Re8 53. Rc5 {[%emt 0:00:00][%mdl 64] Deflection} Qf6 54. Rxa5 Rxb8 (54... f4 $16 55. Rxa7+ (55. Qxg4+ Qg6 $14) 55... Kf8 56. Rxe8+ Rxe8 57. Qxg4 fxe3 58. fxe3 Re6) 55. Qxb8 $16 {[%emt 0:00:00][%mdl 4096] Endgame KQR-KQR} g3 56. Rxa7+ Kh6 $2 (56... Re7 57. Qxg3+ Kf7) 57. f3 $2 (57. Qc7 {White threatens Qh7+ and mate.} gxf2+ 58. Kf1 (58. Kxf2 Qh4+ 59. Ke2 Rxe3+ 60. Kxe3 Qe1+ 61. Kf3 Qf1+ 62. Kg3 Qd3+ 63. Kh2 Qe2+ 64. Kh1 Qe1+ 65. Kh2 Qe2+ 66. Kg3 Qe3+ 67. Kh4 Qg5+ 68. Kh3 Qg4+ 69. Kh2 Qe2+ $11)) 57... Re7 58. Qf4+ Kg7 59. Qxg3+ Kf7 60. Ra8 Qg6 {[%emt 0:01:03][%mdl 8192] [#] Inhibits Qg8+.} (60... Qg7 $16 61. Qxg7+ Kxg7) 61. Rf8+ $3 {[%emt 0:20:30][%mdl 512] Weighted Error Value: White=0.20 (precise) /Black=0.20 (precise)} 1-0

[Event "Valenciana Championship 2022"]
[Site "Alcossebre"]
[Date "2022.06.13"]
[Round "3.1"]
[White "Jordan Martinez, David"]
[Black "Cruz Lledo, Pablo"]
[Result "1-0"]
[ECO "B13"]
[WhiteElo "2154"]
[BlackElo "2435"]
[Annotator "TA"]
[PlyCount "77"]
[EventDate "2022.06.13"]
[EventType "tourn"]
[EventCountry "ESP"]
[SourceTitle "playchess.com"]
[Source "ChessBase"]
[SourceQuality "1"]
[TimeControl "5400+30"]

1. e4 c6 2. d4 d5 3. exd5 cxd5 4. Bd3 Nc6 5. c3 Qc7 6. Ne2 Bg4 7. O-O {[%emt 0:01:49] B13: Caro-Kann: Exchange Variation and Panov-Botvinnik Attack.} Nf6 8. Qe1 $1 Bxe2 9. Qxe2 {[%emt 0:00:23] White is slightly better.} e6 10. f4 Bd6 11. Be3 O-O (11... h5 $1 $11) 12. Nd2 $14 {[%emt 0:00:50] [#]} g6 $146 ({Predecessor:} 12... Rfe8 13. g4 a6 14. a4 Rac8 15. b4 Ne7 16. Rac1 Ng6 17. g5 Nd7 18. Qh5 Ndf8 19. Bxg6 Nxg6 {0-1 (44) Diakonova,E (2236)-Nechaeva,M (2409) Sochi 2018}) 13. Rae1 Nh5 (13... Ne7 $11) 14. g3 Ng7 {[%emt 0:01:19] Prevents f5.} 15. Nf3 f6 16. Qg2 Rab8 17. Kh1 b5 18. b4 Ne7 19. Bd2 Qd7 20. Qe2 Bc7 21. g4 Nc8 (21... Bd6 $14) 22. f5 $1 $16 exf5 23. gxf5 gxf5 (23... Nxf5 $16 24. Bxf5 Qxf5) 24. Nh4 Nd6 25. Nxf5 Ndxf5 26. Bxf5 Qf7 (26... Nxf5 {keeps fighting.} 27. Qg4+ Kh8 28. Qxf5 Qxf5 29. Rxf5 Rbe8 30. Rxd5 a6) 27. Bh6 $18 Kh8 28. Bd3 {[%emt 0:12:07] This bishop pair is nice.} Rg8 (28... Rfe8 {was necessary.} 29. Qf3 (29. Bxg7+ Kxg7 30. Qg4+ Kh8 $18) 29... Rxe1 30. Rxe1 a6) 29. Qf3 (29. Bxb5 $6 Bxh2 30. Bxg7+ (30. Kxh2 Nh5 $14) (30. Qxh2 Rxb5 31. Rg1 Nf5 $11) 30... Qxg7 31. Qxh2 Rxb5 $16) 29... Rb6 30. Rg1 Rbb8 $2 (30... f5 $16 {is tougher.} 31. Qh3 (31. Bxg7+ Rxg7 32. Rxg7 Kxg7 $16) 31... Rf6) 31. Rg2 {[%emt 0:00:07] Threatens to win with Reg1.} Nh5 32. Rge2 (32. Reg1 $142) 32... Bd6 33. Re6 Rbd8 34. R6e2 $2 {[%emt 0:01:44] Active counter play!} (34. Bxb5 $6 Bxh2 35. Re7 (35. Kxh2 Qc7+ 36. Kh1 Ng3+ 37. Kg2 Nf5+ 38. Kh1 Ng3+ 39. Kg2 Nf5+ 40. Kh1 Ng3+ $11) 35... Qg6 $16) (34. Qxd5 $2 Be5 $1 35. Qf3 (35. Qe4 $2 Ng3+ 36. hxg3 Qh5+ 37. Kg2 Rxg3+ 38. Kf1 Rf3+ 39. Ke2 Rf4+ 40. Kd2 Rxe4 $19) 35... Qxe6 $19) ({White should try} 34. Bc1 $18) 34... Ng3+ $2 35. hxg3 Rxg3 36. Qf5 {[%emt 0:00:26][%cal Oe2e8] Re8+! is the strong threat.} Rxd3 {[%emt 0:00:14] [#]} (36... Rg6 $18 37. Bf4 Bxf4) 37. Re8+ $1 {[%emt 0:00:37] White mates.} ({Not} 37. Bg7+ Kxg7 38. Qxd3 Qh5+ 39. Kg1 Rg8 40. Rg2+ Kf7 41. Rxg8 (41. Ree2 $2 Qh2+ 42. Kf2 Rxg2+ $19) 41... Kxg8 $16) 37... Bf8 38. Rxd8 Rh3+ 39. Qxh3 {[%emt 0:00:11] Weighted Error Value: White=0.23 (precise) /Black=0.67} 1-0

[Event "Valenciana Championship 2022"]
[Site "Alcossebre"]
[Date "2022.06.13"]
[Round "3.2"]
[White "Valmana Canto, Jaime"]
[Black "Granero Roca, Antonio"]
[Result "1-0"]
[ECO "C68"]
[WhiteElo "2392"]
[BlackElo "2340"]
[Annotator "TA"]
[PlyCount "63"]
[EventDate "2022.06.13"]
[EventType "tourn"]
[EventCountry "ESP"]
[SourceTitle "playchess.com"]
[Source "ChessBase"]
[SourceQuality "1"]
[TimeControl "5400+30"]

1. e4 e5 2. Nf3 Nc6 3. Bb5 a6 4. Bxc6 dxc6 5. O-O Bd6 6. d4 f6 7. dxe5 fxe5 {[%emt 0:00:59] [#]} 8. Nxe5 $1 Ne7 {[%emt 0:02:43] C68: Ruy Lopez: Exchange Variation, sidelines.} (8... Qh4 $16) (8... Be6 9. Nd3) 9. Qh5+ $18 g6 10. Qg5 O-O {[%emt 0:02:39] White is clearly better.} 11. Nd3 {[%emt 0:00:27] Pair of Knights!} b6 {[%emt 0:04:54] [#]} 12. Nc3 $146 ({Predecessor:} 12. f4 Be6 13. f5 Bc4 14. f6 Nc8 15. e5 Bc5+ 16. Nxc5 bxc5 17. Re1 Qd4+ 18. Be3 Qxb2 {1-0 (33) Kononenko,A (2324)-Scheblykin,S (2348) Anapa 2008}) 12... a5 13. Rd1 Qe8 14. a3 Ba6 15. e5 Rf5 16. Qe3 Rxe5 17. Nxe5 Nf5 {[%emt 0:00:06] [#]} 18. Qe4 Qxe5 19. Qxe5 Bxe5 20. Re1 Bg7 (20... Bd6 {was worth a try.} 21. Bg5 Nd4) 21. Bf4 Nd4 22. Rac1 (22. Bxc7 Nxc2 23. Rad1 (23. Bxb6 Nxa1 24. Rxa1 Rb8 $11) 23... Nxe1 24. Rxe1 Bc4 $11) 22... b5 23. Be3 ({Less strong is} 23. Bxc7 b4 24. axb4 (24. Bxa5 bxc3 25. Bxc3 Ne2+ 26. Rxe2 Bxe2 $17) 24... axb4 $11) 23... b4 24. axb4 axb4 25. Bxd4 Bxd4 26. Nd1 Rd8 27. c3 Bc5 28. Ne3 Rd2 $2 (28... bxc3 29. bxc3 (29. Rxc3 Bb4 $11) 29... h5) 29. cxb4 Bb6 30. b3 Bb5 31. Red1 Re2 32. Rc2 {[%emt 0:00:43] Weighted Error Value: White=0.11 (very precise) /Black=0.24 (precise)} ({Not} 32. Rd8+ Kf7 $18) 1-0

[Event "Valenciana Championship 2022"]
[Site "Alcossebre"]
[Date "2022.06.13"]
[Round "3.3"]
[White "Carbonell Sancho, Marc"]
[Black "Macias Pino, Diego"]
[Result "1/2-1/2"]
[ECO "C54"]
[WhiteElo "2269"]
[BlackElo "2365"]
[Annotator "TA"]
[PlyCount "37"]
[EventDate "2022.06.13"]
[EventType "tourn"]
[EventCountry "ESP"]
[SourceTitle "playchess.com"]
[Source "ChessBase"]
[SourceQuality "1"]
[TimeControl "5400+30"]

1. e4 {[%emt 0:09:36] Ramirez Alvarez,A} e5 2. Nf3 Nc6 3. Bc4 Bc5 4. c3 Nf6 5. d3 O-O 6. O-O d5 7. exd5 Nxd5 8. a4 {[%emt 0:00:05] C54: Giuoco Piano: 4 c3 Nf6, main lines with 5 d4 and 5 d3.} (8. Re1 $5 ) 8... a6 9. Nbd2 Kh8 10. Re1 {[%emt 0:01:39] [#] White has an edge.} Nb6 $146 (10... f6 $11 {feels stronger.}) ({Predecessor:} 10... f6 11. d4 Ba7 12. dxe5 Nxe5 13. Nxe5 fxe5 14. Nf3 c6 15. Bg5 Qb6 16. Bxd5 cxd5 {½-½ (44) Kramnik,V (2808)-Karjakin,S (2781) Stavanger 2017 CBM 179 [Ramirez Alvarez,A]}) 11. Ne4 Be7 12. Bb3 {[%emt 0:00:12] [#] Strongly threatening Nfg5.} f6 {[%emt 0:02:02] Prevents Nfg5.} 13. Ng3 {[%emt 0:10:05] White is more active.} a5 14. Qe2 Bd7 15. Bd2 Bd6 16. Ne4 Be7 17. Ng3 Bd6 18. Ne4 Be7 19. Ng3 {[%emt 0:37:48] Weighted Error Value: White=0.21 (precise) /Black=0.09 (flawless)} (19. h3 $14) 1/2-1/2